 Dungeon Crawl Stone Soup version 0.21-a0-265-gb353147 (webtiles) character file.

10 tidbits the Sneak (level 2, -2/24 HPs)
             Began as a Demigod Wanderer on Sept 10, 2017.
             Slain by Grinder (5 damage)
             ... on level 3 of the Dungeon.
             The game lasted 00:03:15 (235 turns).

tidbits the Sneak (Demigod Wanderer)                 Turns: 235, Time: 00:03:16

Health: -2/24      AC:  3    Str: 14    XL:     2   Next: 0%
Magic:  5/5        EV: 12    Int: 14    God:
Gold:   11         SH:  0    Dex: 18    Spells: 1/1 levels left

rFire    . . .     SeeInvis .   k - +0 long sword
rCold    . . .     Gourm    .   (no shield)
rNeg     . . .     Faith    .   e - +0 robe
rPois    .         Spirit   .   (no helmet)
rElec    .         Reflect  .   (no cloak)
rCorr    .         Harm     .   G - +0 pair of gloves
MR       .....                  (no boots)
Stlth    ++........             (no amulet)
HPRegen  0.08/turn              (no ring)
MPRegen  0.09/turn              (no ring)

@: hasted, very quick
A: high mp 1
a: no special abilities


You were on level 3 of the Dungeon.
You were not hungry.

You visited 1 branch of the dungeon, and saw 4 of its levels.

You collected 11 gold pieces.

Inventory:

Hand Weapons
 b - a +2 blowgun
 d - a +0 falchion
 f - a +0 dagger
 k - a +0 long sword (weapon)
Missiles
 a - 3 curare-tipped needles
Armour
 e - a +0 robe (worn)
 G - a +0 pair of gloves (worn)
Scrolls
 h - a scroll of identify {unknown}
 i - a scroll of remove curse {unknown}
 j - a scroll of magic mapping {unknown}
Comestibles
 g - a bread ration


   Skills:
 + Level 2.0 Fighting
 - Level 1.8 Long Blades
 - Level 1.2 Throwing
 - Level 1.3 Dodging
 - Level 2.8 Stealth
   Level 1.0 Evocations


You had one spell level left.
You didn't know any spells.

Dungeon Overview and Level Annotations

Branches:
Dungeon (4/15)
 Temple: D:4-7

Annotations:
D:3 Grinder


Innate Abilities, Weirdness & Mutations

You have an increased reservoir of magic. (+10% MP)


Message History

There is a stone staircase leading up here.
A frilled lizard comes into view.
The frilled lizard hisses angrily.
Found a whip.
Wield which item (- for none, * to show all)? (? for menu, Esc to quit)
d - a +0 falchion (weapon)
You hit the frilled lizard.
You kill the frilled lizard!
You see here a frilled lizard corpse.
Found a long sword.
Found a stone staircase leading down.
Found an escape hatch in the floor.
Found a scroll labeled OVOIWKYGGO.
You enter a teleport trap!
The teleport trap disappears.
Your surroundings suddenly seem different.
A centaur skeleton comes into view.
Found a scroll labeled JIOZAI MOSSAOMUDO.
There are no items here.
A frilled lizard comes into view.
You see here a scroll labeled JIOZAI MOSSAOMUDO.
i - a scroll labeled JIOZAI MOSSAOMUDO Wield which item (- for none, * to show all)? (? for menu, Esc to quit)
Okay, then.
Found 7 gold pieces.
A phantom comes into view.
Found 22 bolts.
Found a stone staircase leading up.
The helpless frilled lizard fails to defend itself.
You hit the frilled lizard.
You kill the frilled lizard!
You see here a whip.
You see here a scroll labeled OVOIWKYGGO.
j - a scroll labeled OVOIWKYGGO The phantom blinks!
You see here a long sword.
k - a long sword You now have 11 gold pieces (gained 7).
There are no items here.
There is a stone staircase leading up here.
You climb upwards.
A frilled lizard comes into view.
Found a whip.
There is a stone staircase leading down here.
Found a hand axe.
The helpless frilled lizard fails to defend itself.
You slash the frilled lizard!
You kill the frilled lizard!
Your Fighting skill increases to level 2!
You have reached level 2!
You aren't carrying or standing over any spellbooks.
Unknown command.
Adjust (i)tems, (s)pells, or (a)bilities?
Adjust which item? (? for menu, Esc to quit)
Okay, then.
Found a golden potion.
Found a bread ration.
You see here a whip.
l - a golden potion You see here a whip.
Grinder comes into view.
Grinder shouts!
Grinder gestures at you.
You suddenly lose the ability to move!
Found a stone staircase leading up.
Grinder gestures at you.
You shrug off the repeated paralysis!
Grinder blinks!
Grinder gestures at you. Pain shoots through your body!
An adder comes into view.
The adder moves out of view.
Grinder hits you!
* * * LOW HITPOINT WARNING * * *
You writhe in agony.
* * * LOW HITPOINT WARNING * * *
You can move again.
It was a potion of haste.
You feel yourself speed up. Grinder barely misses you.
You feel better.
Wield which item (- for none, * to show all)? (? for menu, Esc to quit)
k - a +0 long sword (weapon)
Grinder gestures at you.
You barely resist.
Unknown command.
You hit Grinder.
Grinder is lightly wounded.
Grinder hits you.
* * * LOW HITPOINT WARNING * * *
You hit Grinder but do no damage.
Grinder is lightly wounded.
You aren't carrying any potions.
Unknown command.
You closely miss Grinder.
Grinder is lightly wounded.
Grinder closely misses you.
You riposte.
You hit Grinder but do no damage.
Grinder is lightly wounded.
You barely miss Grinder.
Grinder is lightly wounded.
Grinder hits you.
You die...

. ... #.# ### ..#
#.#####.###.....
... ...##†.>.....#
.. #.##.#.####.#
###
#####.###......###
######..
........)..........
.......†
######..#..########
######.. #..#...#
#.. .......#@# ###
#.##.)##5.# ### #.
##..<%..# .... #
####....# ####
###.... ..### ...
.#.#


You could see Grinder.

Vanquished Creatures
  A worm (D:3)
  A dart slug (D:1)
  3 frilled lizards
  2 kobolds (D:1)
  A rat (D:1)
8 creatures vanquished.

Notes
Turn   | Place    | Note
-------+----------+-------------------------------------------
     0 | D:1      | tidbits the Demigod Wanderer began the quest for the Orb.
     0 | D:1      | tidbits set off with: 4 curare-tipped needles, a +2 blowgun, a potion of curing, a +0 falchion, a +0 robe, a +0 dagger, a bread ration
     0 | D:1      | Reached XP level 1. HP: 17/17 MP: 3/3
   178 | D:4      | Noticed a phantom
   212 | D:3      | Reached skill level 2 in Fighting
   212 | D:3      | Reached XP level 2. HP: 24/24 MP: 5/5
   223 | D:3      | Noticed Grinder
   223 | D:3      | Paralysed by Grinder for 6 turns
   228 | D:3      | HP: 1/24 [Grinder (4)]
   235 | D:3      | Slain by Grinder

Vault maps used:
D:1:      giann_wishing_wells
D:2:      uniq_jessica, uniq_sigmund
D:3:      first_bread, uniq_robin, uniq_terence, uniq_grinder
D:4:      lemuel_castle_with_subvaults, lemuel_angel_altar,
          uniq_crazy_yiuf_cottage

Skill      XL: |  1 |
---------------+----+-----
Fighting       | 2 |  2.0
Long Blades    | |  1.8
Throwing       | |  1.2
Dodging        | |  1.3
Stealth        | |  2.8
Evocations     | |  1.0

Action                   || total
-------------------------++-------
Melee: Falchion          ||     4
       Long sword        ||     4
 Fire: Blowgun           ||     6
  Use: Potion            ||     2
 Stab: Sleeping          ||     2
Dodge: Dodged            ||     5
       Rpst.: Long sword ||     1

Table legend:
 A = Spawn XP
 B = Non-spawn XP
 C = Spawn XP percentage of total XP
 D = Spawn monster count
 E = Non-spawn monster count
 F = Spawn count percentage of total count
 G = Total turns spent on level
                    A         B        C        D         E        F      G
               +---------+---------+-------+---------+---------+-------+---------
         Total |       0 |      15 |   0.0 |       0 |       8 |   0.0 |   235
               +---------+---------+-------+---------+---------+-------+---------
           D:1 |       0 |       7 |   0.0 |       0 |       4 |   0.0 |    91
           D:3 |       0 |       6 |   0.0 |       0 |       2 |   0.0 |    56
           D:4 |       0 |       2 |   0.0 |       0 |       2 |   0.0 |    59
               +---------+---------+-------+---------+---------+-------+---------

Table legend:
 A = Turns spent in this place as a percentage of turns spent in the entire game.
 B = Non-inter-level travel turns spent in this place as a percentage of non-inter-level travel turns spent in the entire game.
 C = Inter-level travel turns spent in this place as a percentage of turns spent in this place.
 D = Turns resting spent in this place as a percentage of non-inter-level travel turns spent in this place.
 E = Turns spent auto-exploring this place as a percentage of non-inter-level travel turns spent in this place.
 F = Non-inter-level travel turns spent in this place divided by the number of levels of this place that you've seen.
                   A       B       C       D       E      F
               +-------+-------+-------+-------+-------+----------------------
         Total | 100.0 | 100.0 |   0.0 |   0.0 |   0.0 |  58.8
       Dungeon | 100.0 | 100.0 |   0.0 |   0.0 |   0.0 |  58.8
               +-------+-------+-------+-------+-------+----------------------

Table legend:
 A = Kills in this place as a percentage of kills in entire the game.
 B = Kills by you in this place as a percentage of kills by you in the entire game.
 C = Kills by friends in this place as a percentage of kills by friends in the entire game.
 D = Other kills in this place as a percentage of other kills in the entire game.
 E = Experience gained in this place as a percentage of experience gained in the entire game.
 F = Experience gained in this place divided by the number of levels of this place that you have seen.
                   A       B       C       D       E      F
               +-------+-------+-------+-------+-------+----------------------
         Total | 100.0 | 100.0 |   N/A |   N/A | 100.0 |   3.8
       Dungeon | 100.0 | 100.0 |   N/A |   N/A | 100.0 |   3.8
               +-------+-------+-------+-------+-------+----------------------

Vault maps used:
D:1:      giann_wishing_wells
D:2:      uniq_jessica, uniq_sigmund
D:3:      first_bread, uniq_robin, uniq_terence, uniq_grinder
D:4:      lemuel_castle_with_subvaults, lemuel_angel_altar,
          uniq_crazy_yiuf_cottage
